[Event "Early-Titled-Tuesday-Blitz-March-26-2024"]
[Site "Chess.com"]
[Date "2024.03.26"]
[Round "3"]
[White "MyDream003"]
[Black "wonderfultime"]
[Result "1-0"]
[WhiteElo "2792"]
[BlackElo "2994"]
[TimeControl "180+1"]
[EndTime "8:29:22 PDT"]
[Termination "MyDream003 won by resignation"]

1. e4 e5 2. Nf3 Nc6 3. Bb5 a6 4. Ba4 Bc5 5. O-O Nge7 6. c3 Ng6 7. d4 Ba7 8. Be3 O-O 9. Nbd2 d6 10. h3 exd4 11.
cxd4 Nce7 12. Bb3 c6 13. Re1 d5 14. e5 Nf5 15. Bc2 f6 16. Bxf5 Bxf5 17. exf6 Qxf6 18. Ne5 Rae8 19. Ndf3 h6 20. Nxg6 Bxg6 21. Ne5 Bf5 22. Qd2 c5 23. f4 c4 24. g4 Bc8 25. Qf2 Bb8 26. Qg2 Qd8 27. Rad1 Bc7 28. a3 b5 29. Re2 a5 30. f5 b4 31. axb4 axb4 32. Bf4 Bb7 33.
Kh2 Bd6 34. Rde1 Qb6 35. Qf2 Qc7 36. Kg2 c3 37. bxc3 bxc3 38. Rc2 Rc8 39. Rec1 Rfe8 40. Rxc3 Qxc3 41. Rxc3 Rxc3 42. Qb2 Rc7 43. Qb6 Rd8 44. Ng6 Rc2+ 45. Kg3 Bxf4+ 46. Nxf4 Rc3+ 47. Kh4 Rd7 48. Qe6+ Rf7 49. Qe8+ Rf8 50. Qe6+ Rf7 51. Ng6 Bc6 52. Ne5 1-0

[Event "Early-Titled-Tuesday-Blitz-March-26-2024"]
[Site "Chess.com"]
[Date "2024.03.26"]
[Round "3"]
[White "CADMartin"]
[Black "Meri-Arabidze"]
[Result "0-1"]
[WhiteElo "2462"]
[BlackElo "2673"]
[TimeControl "180+1"]
[EndTime "8:29:24 PDT"]
[Termination "Meri-Arabidze won by checkmate"]

1. e4 c5 2. Nf3 e6 3. d4 cxd4 4. Nxd4 Nc6 5. Nc3 Qc7 6. g3 a6 7.
Bg2 Nf6 8. O-O Bc5 9. Nb3 Ba7 10. Bf4 Ne5 11. Kh1 O-O 12. Nd4 d6 13. h3 Bd7 14. Nce2 Rac8 15. b3 b5 16. Be3 Rfd8 17. Rc1 d5 18. f4 Nc6 19. e5 Ne4 20. Qd3 Nb4 21. Qd1 Nxa2 22. Ra1 Nac3 23. Nxc3 Nxg3+ 24. Kg1 Nxf1 25. Bxf1 Qxc3 26. Bf2 Bxd4 27. Bxd4 Qxc2 28. Qxc2 Rxc2 29. Rxa6 Rdc8 30. b4 Be8 31. Bc5 h6 32. Bd3 Rc3 33. Be2 Rxh3 34. Kf2 Rc3 35. Bd4 Rc2 36. Bc5 Bc6 37. Ke3 Rc3+ 38. Kd4 Rh3 39.
Bd3 h5 40. f5 Rh4+ 41. Ke3 d4+ 42. Bxd4 Rd8 43. Bc5 Rh3+ 44. Kf2 Rhxd3 45. Rxc6 exf5 46.
e6 fxe6 47. Rxe6 h4 48. Re5 h3 49. Rxf5 h2 50. Rh5 Rd1 51. Rxh2 R1d2+ 52. Kg3 Rxh2 53.
Kxh2 Kf7 54. Kg3 Ke6 55. Kf4 Rd5 56. Be3 g5+ 57. Kg4 Kf6 58. Bf2 Kg6 59. Be3 Re5 60. Bc5 Re4+ 61. Kf3 Kf5 62. Kg3 Rc4 63. Bf8 Rc3+ 64.
Kf2 g4 65. Kg2 Rb3 66. Kf2 Rd3 67. Kg2 g3 68. Kh3 Kf4 69. Kg2 Kg4 70. Bc5 Rd2+ 71. Kh1 Kf3 72. Bb6 Rb2 73. Bc5 Rb1+ 74. Bg1 Rxb4 75.
Bf2 Rb1+ 76. Bg1 Rxg1+ 77. Kxg1 b4 78. Kh1 b3 79. Kg1 b2 80. Kh1 b1=Q# 0-1

[Event "Early-Titled-Tuesday-Blitz-March-26-2024"]
[Site "Chess.com"]
[Date "2024.03.26"]
[Round "3"]
[White "NastyaHn"]
[Black "RandomNoob04"]
[Result "1/2-1/2"]
[WhiteElo "2457"]
[BlackElo "2629"]
[TimeControl "180+1"]
[EndTime "8:29:24 PDT"]
[Termination "Game drawn by agreement"]

1. Nc3 c5 2. Nf3 Nc6 3. d4 cxd4 4. Nxd4 Nf6 5. Bg5 e6 6. Ndb5 d6 7. Bf4 e5 8. Bg5 a6 9. Bxf6 gxf6 10. Na3 b5 11.
Nd5 f5 12. c4 Bg7 13. cxb5 Nd4 14. e3 Ne6 15. bxa6 O-O 16. Be2 Bxa6 17. Bxa6 Qa5+ 18. Qd2 Qxa6 19. Qe2 Qb7 20. Rd1 Rfb8 21. O-O Qxb2 22.
Qxb2 Rxb2 23. Nc4 Rbxa2 24. Nxd6 f4 25. Nf5 fxe3 26. fxe3 Rb2 27. Rf2 Rb7 28. Rc2 Bf8 29. Nf6+ Kh8 30. Ng4 Rb5 31. h3 e4 32. Ng3 f5 33. Nf2 Bh6 34. Rc3 Rg8 35. Kh2 f4 36.
Ngxe4 fxe3 37. Ng4 Bf4+ 38. g3 Bb8 39. Rxe3 Rb2+ 40.
Rd2 Rxd2+ 41. Nxd2 Nf4 42. gxf4 Bxf4+ 43. Rg3 Bxd2 44.
Kg2 Bf4 45. Rf3 Bc7 46. Kf2 Bb6+ 47. Ke2 h5 48. Nf6 Rg2+ 49. Kd3 h4 50. Ke4 Bf2 51.
Ng4 Bg3 52. Kf5 Rh2 53. Nxh2 Bxh2 54. Kg6 Kg8 55. Rd3 Kf8 56. Kh5 Bg3 57. Kg6 Ke7 58.
Rd5 Ke6 59. Rg5 Ke7 60. Rg4 Ke6 61. Re4+ Kd5 62. Kf5 Kd6 63. Rg4 Kd5 64. Kg5 Ke5 1/2-1/2

[Event "Early-Titled-Tuesday-Blitz-March-26-2024"]
[Site "Chess.com"]
[Date "2024.03.26"]
[Round "3"]
[White "guillembaches"]
[Black "KnightmareJoker"]
[Result "1-0"]
[WhiteElo "2538"]
[BlackElo "2290"]
[TimeControl "180+1"]
[EndTime "8:29:24 PDT"]
[Termination "guillembaches won by resignation"]

1. Nf3 d5 2. d4 Nf6 3. c4 e6 4. cxd5 exd5 5. Qc2 c6 6. Nc3 Be7 7. h3 O-O 8. Bg5 Nbd7 9. e3 Re8 10. Bd3 Nf8 11. O-O Ne4 12. Bf4 f5 13. Ne5 Ng6 14.
Nxg6 hxg6 15. f3 Nf6 16. Be5 Bd6 17. f4 Ne4 18. Nxe4 fxe4 19. Be2 Be6 20. b4 Bxb4 21. Qb3 Qe7 22. Rab1 a5 23. a3 Bxa3 24. Qxb7 Qxb7 25. Rxb7 Re7 26. Rb6 Bd7 27. Ra1 Rxe5 28. fxe5 Be7 29.
Ra6 Re8 30. R6xa5 Bg5 31. R1a3 Kh7 32. Ra7 Be6 33. Rc7 Rc8 34. Rxc8 Bxc8 35. Kf2 Be7 36. Ra7 Bb4 37. Rc7 Be6 38. Rxc6 Bg8 39. Rb6 Ba5 40. Rb5 Bd8 41. Bg4 Bh4+ 42. g3 Be7 43. Rb7 Bg5 44. e6 Kh6 45. h4 Bf6 46. Rb8 g5 47. Rxg8 gxh4 48. gxh4 g5 49. hxg5+ Bxg5 50. Rxg5 Kxg5 51. Kg3 Kf6 52. Kf4 Ke7 53. Ke5 Kf8 54. Kxd5 Ke7 55. Kxe4 Kf6 56. Bh3 Ke7 57. Ke5 Ke8 58. e4 Ke7 59. d5 Ke8 60. d6 Kd8 61. Bg4 Ke8 62. Bf5 Kd8 63. Bg6 Kc8 64. Kd5 Kd8 65. Kc6 Kc8 66. e7 Kb8 67. e5 Ka7 68. Kc7 Ka6 69. d7 Kb5 70. d8=Q Kc5 71. Qd6+ Kb5 72. Qd5+ Ka6 73. Qb3 Ka5 74. e8=Q 1-0

[Event "Early-Titled-Tuesday-Blitz-March-26-2024"]
[Site "Chess.com"]
[Date "2024.03.26"]
[Round "3"]
[White "Kacparov"]
[Black "Payyappat"]
[Result "0-1"]
[WhiteElo "2884"]
[BlackElo "2540"]
[TimeControl "180+1"]
[EndTime "8:29:27 PDT"]
[Termination "Payyappat won by resignation"]

1. e4 c6 2. d4 d5 3. e5 Bf5 4.
Nf3 e6 5. Be2 Ne7 6. O-O Ng6 7.
Be3 Nd7 8. Nbd2 f6 9. exf6 Nxf6 10. c4 Bd6 11. Re1 O-O 12. Qb3 Qd7 13. Nf1 Ng4 14.
h3 Nxe3 15. Nxe3 Be4 16. Nd2 Nf4 17. Nxe4 dxe4 18. c5 Bb8 19. Bc4 Kh8 20. Rad1 Qf7 21. Qc2 Qg6 22. Kf1 Bc7 23. Rd2 Rf6 24. Ng4 h5 25.
Ne3 Raf8 26. Red1 Bd8 27. b4 R6f7 28. Rb1 Bh4 29. Rb3 Nd5 30. Bxd5 Rxf2+ 31. Rxf2 Rxf2+ 32. Qxf2 Bxf2 33. Kxf2 exd5 34. Ke2 Qf6 35. Nc2 Qg6 36. Ne3 Qf6 37. Nc2 e3 38. Rxe3 Qg6 39.
Ne1 Qb1 40. Nf3 Qxa2+ 41. Kf1 Qc4+ 42. Kf2 Qxb4 43. Kg3 Qb1 44. Re8+ Kh7 45. Re6 Qf5 46. Rd6 h4+ 47. Kf2 Qf4 48. Rd7 a5 49. Rxb7 a4 50.
Ra7 Qc1 51. Ne5 a3 52. Nxc6 Qc2+ 53. Ke3 a2 54. Ne5 Qc1+ 55. Kf3 a1=Q 56. Rxa1 Qxa1 57. Ke3 Qe1+ 58. Kd3 Qe4+ 59. Kc3 Qxg2 60. c6 Qxh3+ 61. Kb4 Qc8 62. Kc5 h3 63. Nf3 Kh6 64. Nh2 g5 65.
Kxd5 g4 66. Nf1 Kh5 67. Kd6 Kh4 68. d5 g3 69. Nxg3 Kxg3 70. Kc5 h2 71. d6 h1=Q 72. d7 Qhxc6+ 0-1

[Event "Early-Titled-Tuesday-Blitz-March-26-2024"]
[Site "Chess.com"]
[Date "2024.03.26"]
[Round "3"]
[White "PavelShkapenko"]
[Black "Viktor_Poddubnyi"]
[Result "1-0"]
[WhiteElo "2764"]
[BlackElo "2330"]
[TimeControl "180+1"]
[EndTime "8:29:27 PDT"]
[Termination "PavelShkapenko won on time"]

1. e4 g6 2. d4 Bg7 3. Nf3 d6 4. Nc3 Nf6 5. Be3 c6 6. Qd2 Nbd7 7. Bh6 Bxh6 8. Qxh6 e5 9. O-O-O Qe7 10. Rd2 b5 11. dxe5 dxe5 12. Bxb5 cxb5 13. Nxb5 Rb8 14. Nd6+ Kd8 15.
Ng5 Rf8 16. Qg7 Kc7 17. Rhd1 Ba6 18. b3 Rb6 19. Ndxf7 h6 20. Qxh6 Rxf7 21. Nxf7 Qxf7 22. Qe3 Qe7 23. Qc3+ Rc6 24. Qa5+ Kb7 25. f3 Nb8 26. Kb2 Qc5 27. Qxc5 Rxc5 28. Rd6 Rc6 29. Rxc6 Kxc6 30. Rd8 Nbd7 31. Ra8 Kb7 32. Rh8 Bf1 33. g3 Bg2 34.
f4 exf4 35. gxf4 Bxe4 36. Rh3 Nd5 37. Rh4 N7f6 38. c4 Ne3 39. Kc3 Nf5 40. Rh8 Nh5 41. Rg8 Nxf4 42. b4 Nd6 43. b5 Ne6 44. Kb4 Nd4 45.
a4 a6 46. Rd8 Kc7 47. Rg8 axb5 48. axb5 Ne6 49. Rh8 Nf4 50. c5 Nd3+ 51. Ka5 Nxc5 52. Rh7+ 1-0

[Event "Early-Titled-Tuesday-Blitz-March-26-2024"]
[Site "Chess.com"]
[Date "2024.03.26"]
[Round "3"]
[White "frederiksvane"]
[Black "DavidGavrilescu18"]
[Result "1-0"]
[WhiteElo "2985"]
[BlackElo "2764"]
[TimeControl "180+1"]
[EndTime "8:29:28 PDT"]
[Termination "frederiksvane won by checkmate"]

1. c4 e6 2. Nc3 d5 3. d4 Nf6 4.
cxd5 exd5 5. Bg5 Bb4 6. e3 h6 7. Bh4 g5 8. Bg3 h5 9. h3 Ne4 10. Ne2 Nxg3 11. Nxg3 h4 12. Nh5 c6 13. Bd3 Qe7 14. Bf5 Bd7 15. Qf3 Kf8 16. g4 hxg3 17. Nxg3 Qf6 18. O-O-O Bd6 19. Rdf1 Na6 20. Qg4 Rh4 21. Qf3 Re8 22. Kb1 Nb4 23. a3 Rf4 24. exf4 Bxf5+ 25. Ka1 Nc2+ 26. Ka2 Nxd4 27. Qh5 Bxf4 28.
Nxf5 Nxf5 29. Re1 d4 30. Rxe8+ Kxe8 31. Re1+ Kd8 32. Qd1 Kc7 33. Ne4 Qe6+ 34. Kb1 Qd5 35. Nf6 Qc4 36. Qg4 Qd3+ 37. Ka1 Qc2 38. Qh5 Kb6 39.
Qxf7 Bc1 40. Qa2 d3 41. Qb1 d2 42. Qxc2 dxe1=Q 43. Qxf5 Qd2 44. Qb1 a5 45. Ne4 Qe1 46. Nxg5 a4 47. Nf3 Qxf2 48. Qxc1 Qxf3 49. h4 c5 50. Qg1 Qe2 51. Qg6+ Kb5 52. Qb1 Qh2 53.
Qe1 c4 54. Kb1 Qd6 55. Kc1 Kc6 56. Qh1+ Kb5 57. h5 Qf4+ 58. Kb1 Qf5+ 59. Ka1 Qh7 60. h6 Ka5 61. Qh5+ b5 62. Qg5 Qc2 63. Qg1 Qh7 64. Qe3 Qc2 65. Qa7# 1-0

[Event "Early-Titled-Tuesday-Blitz-March-26-2024"]
[Site "Chess.com"]
[Date "2024.03.26"]
[Round "3"]
[White "Hui_Li_Macau"]
[Black "subham777"]
[Result "1-0"]
[WhiteElo "2409"]
[BlackElo "2553"]
[TimeControl "180+1"]
[EndTime "8:29:28 PDT"]
[Termination "Hui_Li_Macau won on time"]

1. e4 e6 2. d4 d5 3. Nd2 c5 4.
exd5 Qxd5 5. Ngf3 cxd4 6. Bc4 Qd7 7. O-O Nc6 8. Nb3 Nf6 9. Nbxd4 Nxd4 10. Nxd4 a6 11. Re1 Bc5 12. c3 O-O 13. Bg5 Nd5 14. Nb3 Ba7 15. Bxd5 exd5 16. Qd2 Qg4 17. Be7 Re8 18.
Bc5 Be6 19. Bxa7 Rxa7 20. Qd4 Qxd4 21. Nxd4 b5 22. f4 g6 23. Kf2 h5 24. Re3 Rc7 25. Rae1 Rce7 26. a3 Kf8 27. g3 Bd7 28. Rxe7 Rxe7 29.
Rxe7 Kxe7 30. Ke3 Kd6 31. Nf3 f6 32. Kd4 Bg4 33. Ne1 Bf5 34. Ng2 Be4 35. Ne3 f5 36.
Nf1 Bg2 37. Nd2 Be4 38. Nb3 Kc6 39. Nc5 a5 40. Ne6 b4 41. axb4 axb4 42. Nf8 bxc3 43. bxc3 Kd6 44. Nxg6 Ke6 45. Ne5 Bg2 46. Nd3 Be4 47.
Nc5+ Kd6 48. Nb3 Bg2 49. Nd2 Be4 50. Nf1 Bg2 51. Ne3 Be4 52. h3 Ke6 53. Nd1 Kd6 54. Nf2 Ke6 55. c4 1-0

[Event "Early-Titled-Tuesday-Blitz-March-26-2024"]
[Site "Chess.com"]
[Date "2024.03.26"]
[Round "3"]
[White "a-z30"]
[Black "rionelG"]
[Result "1-0"]
[WhiteElo "2438"]
[BlackElo "2205"]
[TimeControl "180+1"]
[EndTime "8:29:29 PDT"]
[Termination "a-z30 won on time"]

1. d3 c5 2. Nf3 Nc6 3. g3 g6 4.
Bg2 Bg7 5. O-O e5 6. c4 Nge7 7. Nc3 O-O 8. Rb1 h6 9. a3 d5 10. cxd5 Nxd5 11. Nxd5 Qxd5 12. Be3 Bd7 13. Nd4 Qd6 14.
Nxc6 Bxc6 15. Bxc6 Qxc6 16. Qc1 Rac8 17. Bxh6 Bxh6 18.
Qxh6 e4 19. Rfd1 Rfe8 20. dxe4 Qxe4 21. e3 Qc2 22. b4 Rcd8 23. Rdc1 Qa2 24. bxc5 Qxa3 25.
Qf4 Rd5 26. Qb4 Qxb4 27. Rxb4 Re7 28. c6 bxc6 29. Rb8+ Kg7 30. Rxc6 Rd2 31. Rc4 Ra2 32. Ra8 Re6 33. h4 Rb6 34. Kg2 Rbb2 35. Rf4 f5 36. Rc8 a5 37. Rc7+ Kf6 38. Rc6+ Kg7 39.
h5 gxh5 40. Rxf5 a4 41. Ra6 a3 42. Rf4 Kh7 43. Rf7+ Kg8 44. Rf4 Kg7 45. Rf5 Re2 46.
Rf4 Rab2 47. Rxa3 Rb6 48. Kh3 Re1 49. Kg2 Rbb1 50. Raa4 Rb6 51. Kf3 Rf1 52. Rab4 Rc6 53. Rb7+ Kg6 54. Ra4 Rc2 55. Rf4 Rcxf2+ 56. Ke4 Kg5 57.
Rb5+ Kg6 58. Rxf2 Rxf2 59. Rb1 Rg2 60. Rf1 Rxg3 61. Kd4 h4 62. e4 h3 63. e5 1-0

[Event "Early-Titled-Tuesday-Blitz-March-26-2024"]
[Site "Chess.com"]
[Date "2024.03.26"]
[Round "3"]
[White "Lucky_Puncher"]
[Black "nekotyanof"]
[Result "0-1"]
[WhiteElo "2474"]
[BlackElo "2694"]
[TimeControl "180+1"]
[EndTime "8:29:30 PDT"]
[Termination "nekotyanof won by resignation"]

1. d4 Nf6 2. c4 g6 3. Nc3 d5 4. Nf3 Bg7 5. h4 c5 6. dxc5 Qa5 7. cxd5 Ne4 8. Qa4+ Qxa4 9. Nxa4 Bd7 10. Ng5 Nxg5 11.
c6 bxc6 12. hxg5 cxd5 13. Nc5 Nc6 14. e3 Rb8 15. Nxd7 Kxd7 16. Rb1 Rhc8 17. Rxh7 Bc3+ 18. Ke2 Ne5 19. f4 Nc4 20. b3 Nd6 21. Kf3 Rh8 22. Rxh8 Rxh8 23. Ba3 Ne4 24. Rc1 Nd2+ 25. Kf2 Ne4+ 26.
Kf3 Nd2+ 27. Kg4 Nxf1 28. Rxc3 f5+ 29. gxf6 exf6 30. Bc1 Rh1 31. Kf3 Ke6 32. Rc6+ Kf7 33. Rc7+ Ke6 34. Ba3 Nd2+ 35. Ke2 Ne4 36. g4 Rh2+ 37.
Kf1 d4 38. exd4 Nd2+ 39. Ke1 Nf3+ 40. Kf1 Rxa2 41. Rxa7 Nxd4 42. Bc5 Rxa7 43. Bxa7 Nxb3 44. Be3 Kd5 45. f5 g5 46. Kf2 Ke4 47. Bb6 Kf4 48. Bd8 Nc5 49. Kg2 Ne4 50. Kh3 Nf2+ 51. Kg2 Nxg4 52. Bc7+ Kxf5 53. Kg3 Ne5 54. Bb8 Nf7 55. Bc7 Nh8 56. Kf3 Ng6 57. Kg3 Ne5 58. Bb8 Ke4 59.
Bc7 f5 60. Kf2 f4 61. Bb8 g4 62. Kg2 Nd3 63. Ba7 Nb4 64. Bc5 Nd5 65. Ba7 Ne3+ 66. Kf2 g3+ 67. Ke2 f3+ 68. Ke1 f2+ 0-1

[Event "Early-Titled-Tuesday-Blitz-March-26-2024"]
[Site "Chess.com"]
[Date "2024.03.26"]
[Round "3"]
[White "PolandHussars"]
[Black "kidagent"]
[Result "0-1"]
[WhiteElo "2551"]
[BlackElo "2333"]
[TimeControl "180+1"]
[EndTime "8:29:30 PDT"]
[Termination "kidagent won on time"]

1. e4 c6 2. Nc3 d5 3. Nf3 Bg4 4. h3 Bxf3 5. Qxf3 e6 6. g4 Nf6 7.
Bg2 dxe4 8. Nxe4 Nxe4 9. Qxe4 Qd5 10. O-O Qxe4 11. Bxe4 Nd7 12. d4 Be7 13. c3 O-O 14. Be3 Nf6 15. Bg2 Nd5 16. Bd2 b5 17. f4 Rac8 18.
Rae1 Bh4 19. Re2 c5 20. Bxd5 exd5 21. dxc5 Rxc5 22. Be3 Rc7 23. Rd2 Rd7 24. Rfd1 Rfd8 25. Kg2 h6 26. Kf3 Be7 27. f5 Bf6 28. Bc5 g6 29.
Bd4 Bg5 30. Re2 Re7 31. Rxe7 Bxe7 32. Bxa7 Ra8 33. Be3 Rxa2 34. Rxd5 Rxb2 35. Bxh6 g5 36. h4 gxh4 37. g5 h3 38. Rd1 h2 39. g6 fxg6 40. fxg6 Bf8 41. Bf4 Kg7 42. Rh1 Rc2 43. Rxh2 Rxc3+ 44. Ke4 Kxg6 45. Rg2+ Kf7 46. Rf2 Ke6 47. Bd2 Rc4+ 48.
Kd3 Bc5 49. Re2+ Kd5 50. Re8 Rd4+ 51. Kc2 Kc4 52. Rc8 Re4 53. Rc7 b4 54. Rb7 Rh4 55. Rb8 Rh2 56. Kd1 Kd3 57. Rd8+ Kc4 58. Rb8 b3 59. Rb7 Kd3 60. Rd7+ Bd4 61. Rb7 b2 62. Be1 Rh1 63. Rb3+ Kc4 64. Rb7 Bc3 65. Rc7+ Kd5 66. Rd7+ Kc6 67. Kc2 Rxe1 68. Rd1 Rxd1 0-1

[Event "Early-Titled-Tuesday-Blitz-March-26-2024"]
[Site "Chess.com"]
[Date "2024.03.26"]
[Round "3"]
[White "Knightmare1014"]
[Black "noblerone"]
[Result "0-1"]
[WhiteElo "2326"]
[BlackElo "2571"]
[TimeControl "180+1"]
[EndTime "8:29:31 PDT"]
[Termination "noblerone won by resignation"]

1. e4 c5 2. Nf3 e6 3. d4 cxd4 4.
Nxd4 Qb6 5. Nc3 Bc5 6. Be3 Nc6 7. Nxc6 Bxe3 8. fxe3 Qxe3+ 9. Qe2 Qxe2+ 10. Bxe2 bxc6 11. O-O e5 12. Rad1 Ke7 13. Bc4 Nf6 14. h3 d6 15. a3 Be6 16. Be2 Rab8 17. b4 Rhc8 18. g4 h6 19. Rf3 Ne8 20. Na4 Nc7 21. Bf1 Nb5 22. Rfd3 Rd8 23. Nb2 g6 24. c4 Nd4 25. Rc3 f5 26. exf5 gxf5 27. gxf5 Bxf5 28. Re3 Rg8+ 29. Kf2 Be6 30. Na4 Rbf8+ 31. Ke1 Rg1 32.
Kd2 Rfxf1 33. Rxf1 Rxf1 34. Nc3 Rf2+ 35. Kc1 Rf3 36. Kd2 Rxe3 37. Kxe3 Bxc4 38. Ne4 Be6 39. a4 Bb3 40. b5 cxb5 41. axb5 Bc4 42. Nd2 Ke6 43. Nxc4 d5 44. Na5 Nxb5 45. Nc6 a6 46.
Nb8 a5 47. Nc6 a4 48. Nb4 a3 49. Kd3 Nd6 50. Ke3 Nc4+ 51. Kd3 Nd6 52. Ke3 Nf5+ 53. Kd3 h5 54. Ke2 e4 55. Kf2 Ke5 56. Ke2 d4 57. Nc6+ Kf4 58. Kf2 a2 59. Nb4 a1=Q 60. Nd5+ Ke5 61.
Nb4 Qb2+ 62. Kf1 Qxb4 63. Kg2 Qb3 64. h4 Kd5 65. Kh2 Ke5 66. Kg2 Kf4 67. Kg1 Qb2 68.
Kf1 Kf3 0-1

[Event "Early-Titled-Tuesday-Blitz-March-26-2024"]
[Site "Chess.com"]
[Date "2024.03.26"]
[Round "3"]
[White "lilleper1"]
[Black "amiralfio"]
[Result "1/2-1/2"]
[WhiteElo "2918"]
[BlackElo "2744"]
[TimeControl "180+1"]
[EndTime "8:29:32 PDT"]
[Termination "Game drawn by repetition"]

1. Nf3 Nf6 2. c4 c6 3. g3 g6 4. b3 Bg7 5. Bb2 O-O 6. Bg2 d5 7.
O-O a5 8. Nc3 d4 9. Na4 d3 10.
exd3 Qxd3 11. Nb6 Ra6 12. Nxc8 Rxc8 13. Ne5 Qd6 14. d4 Nbd7 15. Qe2 Raa8 16. Rfe1 Re8 17. Rad1 Rad8 18. Bc1 Qc7 19. Bf4 Nxe5 20. Bxe5 Qb6 21.
c5 Qb4 22. a3 Qxa3 23. Ra1 Qb4 24. Qc2 Nd5 25. Rec1 Bh6 26. Ra4 Qd2 27. Qxd2 Bxd2 28.
Rd1 Bb4 29. Raa1 f6 30. Bxd5+ Rxd5 31. Bc7 Ra8 32. Kf1 Kf7 33. Ke2 g5 34. Ke3 Rd7 35.
Bb6 h5 36. h3 Ke6 37. g4 hxg4 38. hxg4 Rh8 39. Bxa5 Bxa5 40. Rxa5 Rh3+ 41. f3 Rh2 42. Ra4 Rb2 43. Rb4 Rc2 44. Kd3 Rh2 45. Re1+ Kf7 46. Ke3 Rh3 47. Ke4 Rh2 48. Rb6 Rd2 49.
Rb4 Rd5 50. Ke3 Rc2 51. Rxb7 Kg6 52. Rxe7 Rc3+ 53. Kf2 Rxd4 54. R7e3 Rc2+ 55. R1e2 Rxc5 56. Re8 Rd3 57. R2e7 Rc2+ 58. Kg3 Rcc3 59. Rg8+ Kh6 60. Rh8+ Kg6 61. Rg8+ Kh6 62. Rh8+ Kg6 63. Rg8+ 1/2-1/2

[Event "Early-Titled-Tuesday-Blitz-March-26-2024"]
[Site "Chess.com"]
[Date "2024.03.26"]
[Round "3"]
[White "a_kandil"]
[Black "KNVB"]
[Result "0-1"]
[WhiteElo "2508"]
[BlackElo "2789"]
[TimeControl "180+1"]
[EndTime "8:29:32 PDT"]
[Termination "KNVB won by checkmate"]

1. e4 b6 2. d4 Bb7 3. Nc3 e6 4. Bd2 Bb4 5. e5 f5 6. Nf3 Ne7 7. a3 Bxc3 8. bxc3 O-O 9. Bd3 Qe8 10. O-O Qh5 11. c4 Bxf3 12. Qxf3 Qxf3 13. gxf3 Nbc6 14.
Bc3 Ng6 15. Rfd1 Rfd8 16. Bf1 Kf7 17. Kg2 Nf4+ 18. Kg3 g5 19. h4 h6 20. hxg5 hxg5 21. Bd3 Rh8 22. Rh1 Ne7 23. Bd2 Neg6 24. Bxf4 gxf4+ 25. Kg2 Nh4+ 26. Rxh4 Rxh4 27. Rg1 Rg8+ 28. Kf1 Rxg1+ 29.
Kxg1 Ke7 30. c3 c5 31. d5 d6 32. dxe6 Kxe6 33. exd6 Rh5 34. Bc2 Kxd6 35. Kg2 Ke5 36. a4 Rh8 37. Kf1 Rh1+ 38. Ke2 Rg1 39. Bd1 Kd6 40. Kd2 Kc7 41. Bc2 Kb7 42. Bxf5 Ka6 43. Bc2 Ka5 44. Kd3 Re1 45. Bb3 Rf1 46. Ke4 Rxf2 47.
Kxf4 Rb2 48. Bd1 Rb1 49. Bc2 Rc1 50. Be4 Kxa4 51. Ke5 Kb3 52. f4 a5 53. f5 Rf1 54. f6 Rxf6 55. Kxf6 a4 56. Ke6 a3 57. Bb1 Kb2 58. Kd5 Kxb1 59. Kc6 a2 60. Kxb6 a1=Q 61. Kxc5 Qxc3 62. Kb5 Qh8 63. c5 Qc8 64. Kb6 Kc2 65. Kb5 Kd3 66. Kb4 Ke4 67. Kc4 Kf5 68. Kb5 Kf6 69.
c6 Ke7 70. Kb6 Ke6 71. c7 Kd6 72. Ka7 Qxc7+ 73. Ka8 Qd7 74. Kb8 Kc6 75. Ka8 Qb7# 0-1

[Event "Early-Titled-Tuesday-Blitz-March-26-2024"]
[Site "Chess.com"]
[Date "2024.03.26"]
[Round "3"]
[White "SaiAgni_98"]
[Black "Fore_Man"]
[Result "1-0"]
[WhiteElo "2521"]
[BlackElo "2275"]
[TimeControl "180+1"]
[EndTime "8:29:34 PDT"]
[Termination "SaiAgni_98 won by checkmate"]

1. e4 c5 2. Nc3 Nc6 3. f4 e6 4.
e5 d6 5. exd6 Bxd6 6. d3 Nge7 7.
Nf3 O-O 8. g3 b6 9. Bg2 Bb7 10.
O-O Rb8 11. Ne4 Bc7 12. b3 Nd4 13. Bb2 Nec6 14. Nfg5 h6 15. Qh5 f5 16. Qg6 hxg5 17.
Nxg5 Rf6 18. Qh7+ Kf8 19. Qh8+ Ke7 20. Qxg7+ Kd6 21. Nf7+ Rxf7 22. Qxf7 Qg8 23. Qxg8 Rxg8 24. c3 Nc2 25. Rac1 Ne3 26. Rf2 Nxg2 27. Rxg2 Ne7 28. Re2 Kd7 29. Kf2 Bd6 30. Rce1 Rg6 31. c4 a6 32. d4 cxd4 33. Bxd4 Bc5 34. Bxc5 bxc5 35. Re5 Kd6 36. Rd1+ Kc7 37. Rxc5+ Kb6 38. Re5 Nc6 39.
Rd6 Rh6 40. h4 Rh8 41. Rexe6 Kc5 42. a3 Kb6 43. b4 Kc7 44. Rd5 Nd8 45. Re7+ Kc8 46.
Rxf5 Bc6 47. b5 axb5 48. cxb5 Bd7 49. Rc5+ Kb8 50. Rxd7 Ne6 51. Re5 Nd4 52. Rxd4 Rc8 53. a4 Rc2+ 54. Kf3 Rc3+ 55. Kg4 Rc7 56. Rde4 Rg7+ 57.
Rg5 Rf7 58. h5 Kb7 59. h6 Kb6 60. Rg7 Rf6 61. h7 Rh6 62. Kg5 Rh1 63. Re6+ Ka5 64. Rh6 Kb4 65. Rxh1 Ka5 66. h8=Q Kxa4 67. Ra1+ Kxb5 68.
Rb7+ Kc5 69. Qc8+ Kd5 70. Rd1+ Ke4 71. Qe6+ Kf3 72. Rb3+ Kg2 73. Qe2+ Kh3 74. Rh1# 1-0

[Event "Early-Titled-Tuesday-Blitz-March-26-2024"]
[Site "Chess.com"]
[Date "2024.03.26"]
[Round "3"]
[White "monomita"]
[Black "tptagain"]
[Result "1-0"]
[WhiteElo "2756"]
[BlackElo "2937"]
[TimeControl "180+1"]
[EndTime "8:29:35 PDT"]
[Termination "monomita won by resignation"]

1. e4 g6 2. Nf3 Bg7 3. d4 d6 4. Be2 Nf6 5. Nc3 O-O 6. O-O a6 7. a4 Nc6 8. a5 e5 9. dxe5 dxe5 10. Bg5 Be6 11. Nd5 Bxd5 12. exd5 Qxd5 13. Bxf6 Qxd1 14.
Rfxd1 Bxf6 15. Bd3 Rad8 16. Be4 Rxd1+ 17. Rxd1 Rd8 18.
Ra1 Kf8 19. g4 Rd6 20. c3 Bg7 21. Kf1 f6 22. h4 Nd8 23. Ke1 c6 24. Nd2 Ne6 25.
Nc4 Rd8 26. Rd1 Rxd1+ 27. Kxd1 Ke7 28. Ke2 Nf4+ 29. Kd1 Ke6 30. Ne3 Bh6 31. Bc2 Nh3 32. Ke2 Ng1+ 33. Kf1 Nf3 34. Ng2 f5 35. gxf5+ gxf5 36.
Ke2 e4 37. Bb3+ Kf6 38. Bg8 Ne5 39. Bxh7 Nc4 40. b4 Nd6 41. Bg8 Nb5 42. c4 Nc3+ 43. Kf1 f4 44. h5 Bg5 45. Bh7 Ke5 46. Ne1 Nb1 47. Bg8 Nd2+ 48. Ke2 f3+ 49. Kd1 Nb3 50. Nc2 Bh4 51. h6 Kf6 52. h7 Kg7 53.
Ke1 Nc1 54. Ne3 Nd3+ 55. Kf1 Bxf2 56. Nf5+ Kh8 57. Ne7 Bd4 58. Ng6+ Kg7 59. h8=Q+ Kxg6 60. Qxd4 Kf5 61. Bh7+ Kg4 62. Qxe4+ Nf4 63. Bf5+ Kg3 64. Qe1+ Kh2 65. Qh4+ 1-0

[Event "Early-Titled-Tuesday-Blitz-March-26-2024"]
[Site "Chess.com"]
[Date "2024.03.26"]
[Round "3"]
[White "Marielchessy"]
[Black "ragnaroek66"]
[Result "1-0"]
[WhiteElo "2337"]
[BlackElo "2518"]
[TimeControl "180+1"]
[EndTime "8:29:35 PDT"]
[Termination "Marielchessy won by checkmate"]

1. e4 c5 2. Nf3 Nc6 3. d4 cxd4 4.
Nxd4 Nf6 5. Nc3 d6 6. Bc4 Qb6 7. Nde2 e6 8. O-O a6 9. Bb3 Na5 10. Bg5 Nxb3 11. axb3 Be7 12. Ng3 Qc5 13. Bxf6 Bxf6 14.
Nh5 Bd7 15. Kh1 Rg8 16. Nxf6+ gxf6 17. f4 O-O-O 18. f5 Qe5 19. b4 h5 20. Ra5 d5 21.
exd5 Bc6 22. Qf3 exd5 23. b5 d4 24. bxc6 Qxa5 25. cxb7+ Kb8 26. Ne4 Rge8 27. Nxf6 Re1 28. Qg3+ Kxb7 29. Rxe1 Qxf5 30. Re7+ Ka8 31. Qf3+ Qxf3 32.
gxf3 d3 33. cxd3 Rxd3 34. Rxf7 Rxf3 35. Kg2 Rb3 36. Nxh5 Rxb2+ 37. Rf2 Rb5 38. Nf6 Rg5+ 39. Kf3 Rf5+ 40. Ke3 Re5+ 41. Kd4 Re1 42. Nd5 Kb7 43. Rf7+ Kc6 44. Rf6+ Kb5 45. Nc7+ Kb4 46. Nxa6+ Kb3 47. Nc5+ Kc2 48. Rf2+ Kb1 49. h4 Rh1 50. Rf4 Rd1+ 51. Ke5 Rc1 52. Ne4 Rh1 53. Kf6 Kc2 54. Kg5 Rh2 55. h5 Kd3 56. h6 Ke3 57. Rg4 Kd4 58.
Ng3+ Ke5 59. Re4+ Kd5 60. Re8 Rh3 61. Nh5 Kd6 62. h7 Rh1 63. h8=Q Rg1+ 64. Kh6 Rf1 65. Qe5+ Kc6 66. Re6+ Kd7 67. Qd6+ Kc8 68. Re8+ Kb7 69. Rb8+ Ka7 70. Qb6# 1-0

[Event "Early-Titled-Tuesday-Blitz-March-26-2024"]
[Site "Chess.com"]
[Date "2024.03.26"]
[Round "3"]
[White "Chess_Gainz"]
[Black "C_K_G"]
[Result "1/2-1/2"]
[WhiteElo "2553"]
[BlackElo "2244"]
[TimeControl "180+1"]
[EndTime "8:29:36 PDT"]
[Termination "Game drawn - insufficient material"]

1. e4 c5 2. Nf3 d6 3. d4 cxd4 4. Nxd4 Nf6 5. Nc3 a6 6. h3 e5 7. Nde2 Be6 8. g4 Nbd7 9. Bg2 Be7 10. Ng3 O-O 11. g5 Ne8 12. h4 b5 13. Nd5 Nb6 14. O-O Bxd5 15. exd5 f5 16. gxf6 Nxf6 17. Nf5 Rf7 18. Nxe7+ Qxe7 19. Bg5 h6 20. Be3 Nc4 21. Bc1 Raf8 22. b3 Nb6 23. Be3 Nfd7 24. Qg4 Rf5 25. Be4 Rf4 26. Bxf4 Rxf4 27. Qe6+ Qf7 28. Bg6 Qxe6 29.
dxe6 Nf6 30. e7 Rg4+ 31. Kh2 Rxg6 32. Rg1 Kf7 33. Rxg6 Kxg6 34. a4 bxa4 35. bxa4 Kf7 36. Rb1 Nbd5 37. Rb7 Nxe7 38. Ra7 Ke6 39. Rxa6 Ne4 40. c4 Nf5 41. Rc6 Nd4 42. Rc7 g5 43. hxg5 hxg5 44. a5 Nc5 45. Kg2 Ndb3 46. Ra7 e4 47.
Kg3 Ke5 48. Rg7 Kd4 49. Rxg5 Kxc4 50. Rg7 Nxa5 51. Ra7 Nab3 52. Rc7 Kd5 53. Kf4 Nd4 54. Ke3 Nf5+ 55. Ke2 Ne6 56. Ra7 Ned4+ 57. Kf1 Nc6 58.
Ra1 Ke6 59. Rd1 Ne5 60. Ke2 d5 61. Rh1 Nd3 62. Ra1 Ke5 63. Rf1 Nf4+ 64. Kd2 Nd4 65. Ke3 Nf5+ 66. Kd2 d4 67. Ra1 Nd5 68. Ra5 e3+ 69.
fxe3 Nxe3 70. Kd3 Nf5 71. Ra4 Nf4+ 72. Kd2 Ke4 73. Rxd4+ Kxd4 1/2-1/2